 Dungeon Crawl Stone Soup version 0.31.0-11-ge490571c62 (webtiles) character file.

Game seed: 14381792591584182449

378 qw the Skirmisher (level 6, -1/36 HPs)
             Began as a Deep Elf Hunter on Feb 4, 2024.
             Killed from afar by Blork the orc (10 damage)
             ... with a magic dart
             ... on level 4 of the Dungeon.
             The game lasted 00:00:46 (1990 turns).

qw the Skirmisher (Deep Elf Hunter)                 Turns: 1990, Time: 00:00:47

Health: -1/36      AC:  8    Str: 10    XL:     6   Next: 45%
Magic:  8/8        EV: 12    Int: 14    God:
Gold:   38         SH:  0    Dex: 24    Spells: 5/5 levels left

rFire   . . .        a - +1 shortbow
rCold   . . .        (shield currently unavailable)
rNeg    . . .        f - +0 ring mail
rPois   .            h - +2 helmet
rElec   .            (no cloak)
rCorr   .            (no gloves)
SInv    .            (no boots)
Will    .....        (no amulet)
Stlth   ++           g - +6 ring of dexterity
HPRegen 0.26/turn    (no ring)
MPRegen 0.11/turn

%: no passive effects
@: no status effects
A: no striking features
a: no special abilities


You were on level 4 of the Dungeon.
You visited 1 branch of the dungeon, and saw 4 of its levels.

You collected 188 gold pieces.
You spent 150 gold pieces at shops.


   Skills:
 - Level 2.6 Fighting
 + Level 9.4 Ranged Weapons
 - Level 3.2 Dodging
 - Level 1.2 Stealth


You had 5 spell levels left.
You didn't know any spells.
Your spell library was empty.

Inventory:

Hand Weapons
 a - a +1 shortbow (weapon)
Armour
 c - a +2 robe of fire resistance
 f - a +0 ring mail (worn)
 h - a +2 helmet (worn)
Jewellery
 g - a +6 ring of dexterity (left hand)
Scrolls
 e - a scroll of blinking {unknown}
 l - a scroll of poison {unknown}
 m - a scroll of teleportation
Potions
 b - a potion of might
 d - a potion of resistance
 i - a potion of lignification {unknown}
 j - a potion of brilliance {unknown}
 k - a potion of attraction {unknown}

Dungeon Overview and Level Annotations

Branches:
Dungeon (4/15)
 Temple: D:4-7

Altars:

Shops:
D:3 ?

Annotations:
D:4 Blork the orc


Message History

The quokka is severely wounded.
You shoot an arrow. The arrow hits the quokka.
The quokka is almost dead.
You shoot an arrow. The arrow hits the quokka!
You kill the quokka!
There is an escape hatch in the floor here.
l - a scroll labelled OGIARGH ONUE
Found a book of Fire.
You now have 38 gold pieces (gained 8).
Found a stone staircase leading down.
There is a stone staircase leading down here.
Blork the orc comes into view.
He is wielding a +0 long sword.
You shoot an arrow. The arrow hits Blork the orc!
Blork the orc shouts!
Blork the orc is moderately wounded.
Blork the orc gestures at you while chanting.
The puff of flame hits you!
You shoot an arrow.
The arrow hits Blork the orc but does no damage.
Blork the orc is moderately wounded.
Blork the orc casts a spell at you. The puff of flame hits you!
You shoot an arrow. The arrow hits Blork the orc!
Blork the orc is severely wounded.
You shoot an arrow. The arrow hits Blork the orc.
Blork the orc is severely wounded.
You shoot an arrow.
The arrow hits Blork the orc but does no damage.
Blork the orc is severely wounded.
Blork the orc hits you with a +0 long sword.
You shoot an arrow. The arrow closely misses Blork the orc.
Blork the orc closely misses you.
You shoot an arrow.
The arrow hits Blork the orc but does no damage.
Blork the orc is severely wounded.
Blork the orc points at you and mumbles some strange words.
The puff of flame hits you. Blork the orc casts a spell at you.
The magic dart hits you!
You die...

#############
#....o@.....#
......######.#
..... #....#####
.... #.###....##
##.######.#.......#
...........>......#
##+######.#..#..#.#
#..... ...#.....# #
#....######..##.#.#


You could see Blork the orc.

Vanquished Creatures
  A black bear (D:4)
  4 orc priests
  Jessica (D:3)
  Terence (D:2)
  5 adders
  3 dart slugs
  3 ribbon worms
  2 orcs
  6 endoplasms
  4 giant cockroaches
  7 goblins
  4 hobgoblins
  2 jackals (D:3)
  4 quokkas
  3 ball pythons
  3 bats
  4 frilled lizards
  6 kobolds
  6 rats
69 creatures vanquished.

Notes
Turn   | Place    | Note
-------+----------+-------------------------------------------
     0 | D:1      | qw the Deep Elf Hunter began the quest for the Orb.
     0 | D:1      | Reached XP level 1. HP: 12/12 MP: 3/3
     0 | D:1      | 0 ||| qw: Version: 0.3-a-160-g6735b56
     0 | D:1      | 0 ||| qw: Game counter: 5799
     0 | D:1      | 0 ||| qw: Melee chars always use a shield: true
     0 | D:1      | 0 ||| qw: God list: Okawaru
     0 | D:1      | 0 ||| qw: Allow faded altars: false
     0 | D:1      | 0 ||| qw: Do Orc after clearing Dungeon:15 true
     0 | D:1      | 0 ||| qw: Do second Lair branch before Depths: true
     0 | D:1      | 0 ||| qw: Lair rune preference: random
     0 | D:1      | 0 ||| qw: Goals: Normal
     0 | D:1      | 0 ||| PLANNING D:1-11
   165 | D:1      | Reached skill level 6 in Ranged Weapons
   165 | D:1      | Reached XP level 2. HP: 11/16 MP: 4/4
   638 | D:1      | 638 ||| UPGRADING to +0 ring mail.
   648 | D:1      | 648 ||| DROPPING +0 leather armour.
   649 | D:1      | 649 ||| UPGRADING to +2 helmet.
   654 | D:1      | 654 ||| UPGRADING to +6 ring of dexterity.
   655 | D:1      | 655 ||| READING scroll labelled JIOCOMMA PICE.
   656 | D:1      | 656 ||| DROPPING scroll of butterflies.
   734 | D:2      | Noticed Terence
   746 | D:2      | Killed Terence
   747 | D:2      | Reached skill level 7 in Ranged Weapons
   747 | D:2      | Reached XP level 3. HP: 11/20 MP: 5/5
   935 | D:2      | Reached XP level 4. HP: 25/25 MP: 6/6
  1134 | D:2      | 1134 ||| READING scroll labelled ENIXED FEDWAPA.
  1135 | D:2      | 1135 ||| READING scroll labelled HIOGYU KU SAMM.
  1136 | D:2      | 1136 ||| READING scroll labelled UXASTRO GUNOXI.
  1136 | D:2      | 1136 ||| IDENTIFYING purple potion
  1179 | D:3      | Reached skill level 8 in Ranged Weapons
  1185 | D:3      | Reached skill level 3 in Dodging
  1185 | D:3      | Reached XP level 5. HP: 24/29 MP: 7/7
  1229 | D:3      | 1229 ||| DROPPING +0 sling of freezing.
  1270 | D:3      | Noticed Jessica
  1276 | D:3      | Killed Jessica
  1313 | D:3      | Found a faded altar of an unknown god.
  1502 | D:3      | Found Bittur's Magic Scroll Emporium.
  1509 | D:3      | 1509 ||| SHOPLISTING scroll of acquirement (624 gold, have
                  | 155).
  1509 | D:3      | 1509 ||| BUYING scroll of enchant weapon (90 gold).
  1509 | D:3      | Bought a scroll of enchant weapon for 90 gold pieces
  1509 | D:3      | 1509 ||| BUYING scroll of identify (24 gold).
  1509 | D:3      | Bought a scroll of identify for 24 gold pieces
  1509 | D:3      | 1509 ||| BUYING scroll of teleportation (36 gold).
  1509 | D:3      | Bought a scroll of teleportation for 36 gold pieces
  1509 | D:3      | 1509 ||| READING scroll of enchant weapon.
  1509 | D:3      | 1509 ||| ENCHANTING +0 shortbow.
  1636 | D:3      | 1636 ||| READING scroll of identify.
  1636 | D:3      | 1636 ||| IDENTIFYING cyan potion
  1637 | D:3      | 1637 ||| READING scroll labelled KANUMN QYIHE.
  1806 | D:4      | Noticed a black bear
  1808 | D:4      | Reached skill level 9 in Ranged Weapons
  1817 | D:4      | Killed a black bear
  1818 | D:4      | Reached XP level 6. HP: 25/36 MP: 8/8
  1982 | D:4      | Noticed Blork the orc
  1990 | D:4      | HP: 9/36 [Blork the orc/puff of flame (5)]
  1990 | D:4      | Killed from afar by Blork the orc

Levels and vault maps discovered:
D:1:      heliophobic_arrival_battle_scene, layout_loops_ring
D:2:      layout_rooms, reono_crystal_passage, minmay_heptomino_d4, uniq_terence
D:3:      layout_rooms, serial_shops,
          nicolae_shop_temple_entry_statues_fountains,
          shapermc_ecumenical_altar_starsandcircs, uniq_jessica
D:4:      layout_basic, uniq_blork_the_orc

Skill      XL: |  1  2  3  4  5 |
---------------+----------------+-----
Ranged Weapons | 6 7 8 9 |  9.4
Dodging        | 3 |  3.2
Fighting       | 2 |  2.6
Stealth        | |  1.2

Action                     |  1- 3 |  4- 6 || total
---------------------------+-------+-------++-------
   Fire: Shortbow          |    77 |   136 ||   213
    Use: Scroll            |     1 |     6 ||     7
 Armour: Leather armour    |     5 |       ||     5
         Ring mail         |    16 |    34 ||    50
  Dodge: Dodged            |    35 |    45 ||    80

Table legend:
 A = Non-vault XP
 B = Vault XP
 C = Vault XP percentage of total XP
 D = Non-vault monster count
 E = Vault monster count
 F = Vault count percentage of total count
                 A         B        C        D         E       F
            +---------+---------+-------+---------+---------+-------
      Total |     463 |      77 |  14.3 |      64 |       5 |   7.2
            +---------+---------+-------+---------+---------+-------
        D:1 |      31 |       0 |   0.0 |      17 |       0 |   0.0
        D:2 |      37 |      40 |  51.9 |      13 |       4 |  23.5
        D:3 |     151 |      37 |  19.7 |      24 |       1 |   4.0
        D:4 |     244 |       0 |   0.0 |      10 |       0 |   0.0
            +---------+---------+-------+---------+---------+-------
